AA
IOWA OAKS @ OKLAHOMA CITY 89ERS
07/05/1982
 
TOP OF THE 1ST
Iowa Oaks batting - Pitching for Oklahoma City 89ers : LHP Mark Langston
Pitching: LHP Mark Langston
Batting: LHB Gary Jones 0-0: Swinging Strike
0-1: Swinging Strike
0-2: Strikes out swinging
Batting: RHB Mark Benson 0-0: Ball
1-0: Ball
2-0: Fly out, F9 (Flyball, 9LM, EV 96.9 MPH)
Batting: LHB Ronald Little 0-0: Called Strike
0-1: Ball
1-1: Ball
2-1: Foul Ball, location: 2F
2-2: Foul Ball, location: 2F
2-2: Strikes out swinging
Top of the 1st over - 0 runs, 0 hits, 0 errors, 0 left on base; Iowa 0 - Oklahoma City 0
BOTTOM OF THE 1ST
Oklahoma City 89ers batting - Pitching for Iowa Oaks : LHP Jim Deshaies
Pitching: LHP Jim Deshaies
Batting: RHB David Green 0-0: Called Strike
0-1: DOUBLE (Flyball, 78D, EV 93.1 MPH)
Batting: RHB John Christensen 0-0: Ball
1-0: Ball
2-0: Ball
3-0: Called Strike
3-1: DOUBLE (Line Drive, 3D, EV 96.3 MPH)
David Green scores
Batting: RHB Cecil Fielder 0-0: Ball
1-0: SINGLE (Flyball, 78S, EV 93.8 MPH)
John Christensen to third
Runner from 3rd tries for Home, SAFE, throw by LF to home
Batting: RHB Glenn Braggs 0-0: SINGLE (Flyball, 34D, EV 88.1 MPH)
Cecil Fielder to second
Batting: LHB Tom O'Malley 0-0: Swinging Strike
0-1: Ball
1-1: Fly out, F5 (Popup, 5DF, EV 55.0 MPH)
Batting: RHB Nick Esasky 0-0: Foul Ball, location: 2F
0-1: Ball
1-1: Foul Ball, location: 2F
1-2: Grounds into double play, 5-4-3 (Groundball, 56S, EV 85.0 MPH)
Bottom of the 1st over - 2 runs, 4 hits, 0 errors, 1 left on base; Iowa 0 - Oklahoma City 2
TOP OF THE 2ND
Iowa Oaks batting - Pitching for Oklahoma City 89ers : LHP Mark Langston
Batting: SHB Rod Craig 0-0: Called Strike
0-1: Ground out U3 (Groundball, 3, EV 75.6 MPH)
Batting: RHB Edgar Flores 0-0: Called Strike
0-1: Called Strike
0-2: Ball
1-2: Ball
2-2: Ball
3-2: Strikes out swinging
Batting: RHB Jordan Arredondo 0-0: Called Strike
0-1: Ball
1-1: Called Strike
1-2: Foul Ball, location: 2F
1-2: Foul Ball, location: 2F
1-2: Strikes out swinging
Top of the 2nd over - 0 runs, 0 hits, 0 errors, 0 left on base; Iowa 0 - Oklahoma City 2
BOTTOM OF THE 2ND
Oklahoma City 89ers batting - Pitching for Iowa Oaks : LHP Jim Deshaies
Batting: RHB Joe Redfield 0-0: Called Strike
0-1: Foul Ball, location: 2F
0-2: Ball
1-2: Foul Ball, location: 2F
1-2: Foul Ball, location: 2F
1-2: Ground out 1-4-3 (Groundball, 15S, EV 96.9 MPH)
Batting: RHB Danny Jasso 0-0: Ball
1-0: Swinging Strike
1-1: Swinging Strike
1-2: Ball
2-2: SINGLE (Groundball, 4MD, EV 94.4 MPH)
Batting: RHB Robert Bailey 0-0: Called Strike
0-1: Called Strike
0-2: Ball
1-2: Ball
2-2: Grounds into double play, 4-6-3 (Groundball, 4, EV 102.5 MPH)
Bottom of the 2nd over - 0 runs, 1 hit, 0 errors, 0 left on base; Iowa 0 - Oklahoma City 2
TOP OF THE 3RD
Iowa Oaks batting - Pitching for Oklahoma City 89ers : LHP Mark Langston
Batting: RHB Thomas Vessey 0-0: SOLO HOME RUN (Flyball, 7D, EV 94.4 MPH), Distance : 360 ft
Batting: LHB Claude Sammons 0-0: Foul Ball, location: 2F
0-1: Ball
1-1: Swinging Strike
1-2: Strikes out looking
Batting: LHB Wayne Krenchicki 0-0: Called Strike
0-1: Swinging Strike
0-2: Ball
1-2: Ball
2-2: Foul Ball, location: 2F
2-2: Ball
3-2: Strikes out swinging
Batting: LHB Gary Jones 0-0: Called Strike
0-1: Swinging Strike
0-2: Ball
1-2: Foul Ball, location: 2F
1-2: Ball
2-2: Foul Ball, location: 2F
2-2: Foul Ball, location: 2F
2-2: Ball
3-2: Base on Balls
Batting: RHB Mark Benson 0-0: Ball
Wild Pitch!
Gary Jones to second
1-0: SINGLE (Flyball, 6D, EV 93.1 MPH)
Gary Jones to third
Runner from 3rd tries for Home, SAFE, throw by CF to home
Batting: LHB Ronald Little 0-0: Called Strike
0-1: Ball
1-1: Called Strike
1-2: Ground out 5-3 (Groundball, 56S, EV 91.9 MPH)
Top of the 3rd over - 2 runs, 2 hits, 0 errors, 1 left on base; Iowa 2 - Oklahoma City 2
BOTTOM OF THE 3RD
Oklahoma City 89ers batting - Pitching for Iowa Oaks : LHP Jim Deshaies
Batting: RHB David Green 0-0: Called Strike
0-1: Ball
1-1: Ball
2-1: Foul Ball, location: 2F
2-2: Strikes out swinging
Batting: RHB John Christensen 0-0: Ball
1-0: Ball
2-0: Ball
3-0: Called Strike
3-1: Swinging Strike
3-2: Foul Ball, location: 2F
3-2: Base on Balls
Batting: RHB Cecil Fielder 0-0: Called Strike
John Christensen is caught stealing 2nd base 2-4
0-1: Ball
1-1: Fly out, F6 (Flyball, 56D, EV 74.4 MPH)
Bottom of the 3rd over - 0 runs, 0 hits, 0 errors, 0 left on base; Iowa 2 - Oklahoma City 2
TOP OF THE 4TH
Iowa Oaks batting - Pitching for Oklahoma City 89ers : LHP Mark Langston
Batting: SHB Rod Craig 0-0: Called Strike
0-1: Ground out 6-3 (Groundball, 56, EV 99.4 MPH)
Batting: RHB Edgar Flores 0-0: Called Strike
0-1: Ball
1-1: Ground out 4-3 (Groundball, 4M, EV 101.3 MPH)
Batting: RHB Jordan Arredondo 0-0: Ball
1-0: Ball
2-0: Ball
3-0: Base on Balls
Batting: RHB Thomas Vessey 0-0: Called Strike
0-1: Foul Ball, location: 2F
0-2: Foul Ball, location: 2F
0-2: Ball
1-2: Ball
2-2: Strikes out swinging
Top of the 4th over - 0 runs, 0 hits, 0 errors, 1 left on base; Iowa 2 - Oklahoma City 2
BOTTOM OF THE 4TH
Oklahoma City 89ers batting - Pitching for Iowa Oaks : LHP Jim Deshaies
Batting: RHB Glenn Braggs 0-0: Called Strike
0-1: Ball
1-1: Swinging Strike
1-2: Ball
2-2: Strikes out swinging
Batting: LHB Tom O'Malley 0-0: Called Strike
0-1: Foul Ball, location: 2F
0-2: Foul Ball, location: 2F
0-2: Ball
1-2: Ground out 1-3 (Groundball, 25, EV 66.9 MPH)
Batting: RHB Nick Esasky 0-0: Ball
1-0: Called Strike
1-1: Ground out 5-3 (Groundball, 5, EV 85.6 MPH)
Bottom of the 4th over - 0 runs, 0 hits, 0 errors, 0 left on base; Iowa 2 - Oklahoma City 2
TOP OF THE 5TH
Iowa Oaks batting - Pitching for Oklahoma City 89ers : LHP Mark Langston
Batting: LHB Claude Sammons 0-0: Called Strike
0-1: Ball
1-1: Ground out 1-3 (Groundball, 13, EV 66.3 MPH)
Batting: LHB Wayne Krenchicki 0-0: Called Strike
0-1: Fly out, F9 (Flyball, 9S, EV 82.5 MPH)
Batting: LHB Gary Jones 0-0: Ball
1-0: Called Strike
1-1: Swinging Strike
1-2: Strikes out swinging
Top of the 5th over - 0 runs, 0 hits, 0 errors, 0 left on base; Iowa 2 - Oklahoma City 2
BOTTOM OF THE 5TH
Oklahoma City 89ers batting - Pitching for Iowa Oaks : LHP Jim Deshaies
Batting: RHB Joe Redfield 0-0: Ball
1-0: Called Strike
1-1: Ground out 2-3 (Groundball, 2L, EV 64.4 MPH)
Batting: RHB Danny Jasso 0-0: Ball
1-0: Ball
2-0: Ball
3-0: Called Strike
3-1: Ground out 6-3 (Groundball, 4M, EV 86.3 MPH)
Batting: RHB Robert Bailey 0-0: Called Strike
0-1: Ground out 5-3 (Groundball, 5, EV 91.9 MPH)
Bottom of the 5th over - 0 runs, 0 hits, 0 errors, 0 left on base; Iowa 2 - Oklahoma City 2
TOP OF THE 6TH
Iowa Oaks batting - Pitching for Oklahoma City 89ers : LHP Mark Langston
Batting: RHB Mark Benson 0-0: Called Strike
0-1: Swinging Strike
0-2: Strikes out swinging
Batting: LHB Ronald Little 0-0: Ball
1-0: Swinging Strike
1-1: Ground out U3 (Groundball, 3L, EV 83.8 MPH)
Batting: SHB Rod Craig 0-0: Ball
1-0: Ball
2-0: Called Strike
2-1: Ground out 4-3 (Groundball, 4, EV 78.8 MPH)
Top of the 6th over - 0 runs, 0 hits, 0 errors, 0 left on base; Iowa 2 - Oklahoma City 2
BOTTOM OF THE 6TH
Oklahoma City 89ers batting - Pitching for Iowa Oaks : LHP Jim Deshaies
Batting: RHB David Green 0-0: Ball
1-0: Fly out, F9 (Line Drive, 9D, EV 91.9 MPH)
Batting: RHB John Christensen 0-0: Called Strike
0-1: Foul Ball, location: 2F
0-2: Foul Ball, location: 2F
0-2: Foul Ball, location: 2F
0-2: Fly out, F7 (Flyball, 78M, EV 93.1 MPH)
Batting: RHB Cecil Fielder 0-0: Ball
1-0: Swinging Strike
1-1: Foul Ball, location: 2F
1-2: SINGLE (Line Drive, 9S, EV 93.8 MPH)
Batting: RHB Glenn Braggs 0-0: Called Strike
0-1: Swinging Strike
0-2: Ball
1-2: Ball
2-2: Ball
3-2: Strikes out swinging
Bottom of the 6th over - 0 runs, 1 hit, 0 errors, 1 left on base; Iowa 2 - Oklahoma City 2
TOP OF THE 7TH
Iowa Oaks batting - Pitching for Oklahoma City 89ers : LHP Mark Langston
Batting: RHB Edgar Flores 0-0: SINGLE (Groundball, 6MD, EV 95.6 MPH)
Batting: RHB Jordan Arredondo 0-0: Ground out 6-3 (Groundball, P, EV 85.6 MPH)
Edgar Flores to second
Batting: RHB Thomas Vessey 0-0: Called Strike
0-1: Ground out 5-3 (Groundball, 56S, EV 83.1 MPH)
Batting: LHB Claude Sammons 0-0: Intentional Walk
Batting: LHB Wayne Krenchicki 0-0: Called Strike
0-1: Called Strike
0-2: Ground out U3 (Groundball, 34, EV 88.1 MPH)
Top of the 7th over - 0 runs, 1 hit, 0 errors, 2 left on base; Iowa 2 - Oklahoma City 2
BOTTOM OF THE 7TH
Oklahoma City 89ers batting - Pitching for Iowa Oaks : LHP Jim Deshaies
Batting: LHB Tom O'Malley 0-0: Ball
1-0: Ball
2-0: Ground out U3 (Groundball, 3, EV 83.1 MPH)
Batting: RHB Nick Esasky 0-0: Ball
1-0: Ball
2-0: Called Strike
2-1: Fly out, F8 (Line Drive, 8LD, EV 94.4 MPH)
Batting: RHB Joe Redfield 0-0: Ball
1-0: Called Strike
1-1: Ball
2-1: Ground out 6-3 (Groundball, 6, EV 91.9 MPH)
Bottom of the 7th over - 0 runs, 0 hits, 0 errors, 0 left on base; Iowa 2 - Oklahoma City 2
TOP OF THE 8TH
Iowa Oaks batting - Pitching for Oklahoma City 89ers : LHP Mark Langston
Batting: LHB Gary Jones 0-0: Ball
1-0: Called Strike
1-1: Foul Ball, location: 2F
1-2: Foul Ball, location: 2F
1-2: Ball
2-2: Ball
3-2: Base on Balls
Batting: RHB Mark Benson 0-0: Fielders Choice at 2nd, 1-4 (Groundball, 15S, EV 65.6 MPH)
Batting: LHB Ronald Little 0-0: Ball
1-0: Ball
2-0: Ball
3-0: Base on Balls
Mark Benson to second
Batting: SHB Rod Craig 0-0: Called Strike
0-1: Swinging Strike
0-2: SINGLE (Groundball, 23, EV 75.6 MPH) (infield hit)
Mark Benson to third
Ronald Little to second
Batting: RHB Edgar Flores 0-0: Swinging Strike
0-1: Ball
1-1: Ball
2-1: Ball
3-1: Called Strike
3-2: Base on Balls
Mark Benson scores
Ronald Little to third
Rod Craig to second
Batting: RHB Jordan Arredondo 0-0: Ball
1-0: Swinging Strike
1-1: Ball
2-1: Foul Ball, location: 2F
2-2: SINGLE (Groundball, 56, EV 103.1 MPH)
Ronald Little scores
Rod Craig to third
Edgar Flores to second
Runner from 3rd tries for Home, SAFE, throw by LF to home
Pitching: RHP Gilberto Mendoza
Batting: RHB Thomas Vessey 0-0: Ball
1-0: Foul Ball, location: 2F
1-1: Foul Ball, location: 2F
1-2: Ball
2-2: Foul Ball, location: 2F
2-2: Fly out, F6 (Line Drive, 6, EV 73.8 MPH)
Batting: LHB Claude Sammons 0-0: Foul Ball, location: 2F
0-1: Swinging Strike
0-2: Ball
1-2: Ball
2-2: Strikes out swinging
Top of the 8th over - 3 runs, 2 hits, 0 errors, 2 left on base; Iowa 5 - Oklahoma City 2
BOTTOM OF THE 8TH
Oklahoma City 89ers batting - Pitching for Iowa Oaks : LHP Jim Deshaies
Batting: RHB Danny Jasso 0-0: Ball
1-0: Foul Ball, location: 2F
1-1: Ball
2-1: Ball
3-1: Fly out, F9 (Flyball, 9S, EV 85.6 MPH)
Batting: RHB Robert Bailey 0-0: Ground out 6-3 (Groundball, 6, EV 83.1 MPH)
Batting: RHB David Green 0-0: Fly out, F8 (Flyball, 78M, EV 72.5 MPH)
Bottom of the 8th over - 0 runs, 0 hits, 0 errors, 0 left on base; Iowa 5 - Oklahoma City 2
TOP OF THE 9TH
Iowa Oaks batting - Pitching for Oklahoma City 89ers : RHP Gilberto Mendoza
Batting: LHB Wayne Krenchicki 0-0: Foul Ball, location: 2F
0-1: Ball
1-1: Swinging Strike
1-2: Ball
2-2: Foul Ball, location: 2F
2-2: Ball
3-2: Foul Ball, location: 2F
3-2: Ground out 4-3 (Groundball, 34D, EV 101.3 MPH)
Batting: LHB Gary Jones 0-0: Foul Ball, location: 2F
0-1: Ball
1-1: Ball
2-1: Fly out, F4 (Line Drive, 4, EV 72.5 MPH)
Batting: RHB Mark Benson 0-0: Ball
1-0: Ball
2-0: Foul Ball, location: 2F
2-1: Foul Ball, location: 2F
2-2: Ground out 6-3 (Groundball, 6M, EV 91.3 MPH)
Top of the 9th over - 0 runs, 0 hits, 0 errors, 0 left on base; Iowa 5 - Oklahoma City 2
BOTTOM OF THE 9TH
Oklahoma City 89ers batting - Pitching for Iowa Oaks : LHP Jim Deshaies
Pitching: RHP DeWayne Buice
Batting: RHB John Christensen 0-0: Foul Ball, location: 2F
0-1: Called Strike
0-2: Ball
1-2: Strikes out looking
Batting: RHB Cecil Fielder 0-0: Foul Ball, location: 2F
0-1: Ball
1-1: Foul Ball, location: 2F
1-2: Foul Ball, location: 2F
1-2: Ball
2-2: Strikes out swinging
Batting: RHB Glenn Braggs 0-0: Ball
1-0: Swinging Strike
1-1: Hit by Pitch
Batting: LHB Tom O'Malley 0-0: Fly out, F8 (Flyball, 8LD, EV 100.6 MPH)
Bottom of the 9th over - 0 runs, 0 hits, 0 errors, 1 left on base; Iowa 5 - Oklahoma City 2
Thursday, August 13th, 2020 - OOTP Baseball 21.5 Build 76